 Dungeon Crawl Stone Soup version 0.24.0-3-g28a8eb0610 (webtiles) character file.

Game seed: 16142456252485869337, levelgen mode: deterministic

122416 Peloso the Peltast (level 16, 0/147 HPs)
             Began as a Minotaur Fighter on Nov 1, 2019.
             Was the Champion of Okawaru.
             Slain by a merfolk siren
             ... wielding a +0 spear
              (11 damage)
             ... on level 2 of the Shoals.
             The game lasted 01:37:32 (28489 turns).

Peloso the Peltast (Minotaur Fighter)              Turns: 28489, Time: 01:37:33

Health: 0/147      AC: 27    Str: 32    XL:     16   Next: 34%
Magic:  17/18      EV: 19    Int: 17    God:    Okawaru [******]
Gold:   2546       SH: 20    Dex: 13    Spells: 15/15 levels left

rFire    . . .     SeeInvis +   a - +2 demon blade (vamp)
rCold    + . .     Gourm    .   c - +2 shield {AC+3}
rNeg     . . .     Faith    +   R - +5 scale mail of Satisfaction {Regen+}
rPois    +         Spirit   .   U - +3 hat of Inference {rElec Int+6}
rElec    +         Reflect  .   I - scarf {cloud immunity}
rCorr    +         Harm     .   o - +0 pair of gloves "Nuesch" {*Contam rPois Str+2 Int+6}
MR       +....                  B - +2 pair of boots of Day {rC+}
Stlth    ++........             y - amulet of faith
HPRegen  0.74/turn              w - ring of resist corrosion
MPRegen  0.16/turn              k - ring of see invisible

@: mighty, heroism, engulfed (cannot breathe), mesmerised, very slow
A: retaliatory headbutt, horns 2
a: Heroism, Finesse, Renounce Religion


You were on level 2 of the Shoals.
You worshipped Okawaru.
Okawaru was exalted by your worship.
You were hungry.

You visited 5 branches of the dungeon, and saw 26 of its levels.
You visited the Abyss 1 time.
You also visited: Bailey and Gauntlet.

You collected 2882 gold pieces.
You spent 336 gold pieces at shops.

Inventory:

Hand Weapons
 a - a +2 vampiric demon blade (weapon)
 b - a +5 scimitar of freezing
 K - a +0 scimitar of flaming
Armour
 c - a +2 shield of protection (worn)
 i - a +0 chain mail of magic resistance
 n - a +1 pair of boots of stealth
 o - the +0 pair of gloves "Nuesch" (worn) {*Contam rPois Str+2 Int+6}
   (You found it in a Gauntlet)

   It affects your strength (+2).
   It affects your intelligence (+6).
   It protects you from poison.
   It causes magical contamination when unequipped.
 x - a scarf of resistance
 B - the +2 pair of boots of Day (worn) {rC+}
   (You found it on level 5 of the Lair of Beasts)

   It protects you from cold.
 I - a scarf of cloud immunity (worn)
 R - the +5 scale mail of Satisfaction (worn) {Regen+}
   (You found it on level 11 of the Dungeon)

   It increases your rate of regeneration.
 U - the +3 hat of Inference (worn) {rElec Int+6}
   (Okawaru gifted it to you on level 12 of the Dungeon)

   It affects your intelligence (+6).
   It insulates you from electricity.
 Z - a +1 hat of magic resistance
Jewellery
 h - an uncursed ring of poison resistance
 k - a ring of see invisible (right hand)
 w - a ring of resist corrosion (left hand)
 y - an amulet of faith (around neck)
 z - an uncursed ring of flight
 C - an uncursed amulet of the acrobat {unknown}
 G - an uncursed ring of protection from magic
Wands
 l - a wand of random effects (7)
 D - a wand of digging (1)
 F - a wand of polymorph (21)
Scrolls
 e - 13 scrolls of remove curse
 g - 7 scrolls of magic mapping
 j - 4 scrolls of fog
 p - 6 scrolls of teleportation
 q - 5 scrolls of identify
 r - a scroll of summoning {unknown}
 v - 2 scrolls of noise
 A - 7 scrolls of blinking
Potions
 d - a potion of brilliance
 m - 2 potions of agility
 s - 3 potions of haste
 t - 4 potions of heal wounds
 E - a potion of might
 H - a potion of berserk rage
 J - 11 potions of curing
 L - a potion of invisibility
 N - a potion of flight
 X - 5 potions of resistance
Comestibles
 f - 59 rations


   Skills:
 + Level 14.6(19.6) Fighting
 + Level 17.6(22.6) Long Blades
 + Level 12.6(17.6) Armour
 + Level 9.3(14.3) Dodging
 + Level 3.9(8.9) Stealth
 + Level 19.1(24.1) Shields
 + Level 4.4 Invocations
 + Level 1.8 Evocations


You had 15 spell levels left.
You didn't know any spells.
Your spell library contained the following spells:

 Spells                   Type           Power        Failure   Level  Hunger
 Beastly Appendage        Tmut           #.....       36%         1    ##.....
 Confusing Touch          Hex            #.....       36%         1    ##.....
 Corona                   Hex            #......      36%         1    ##.....
 Freeze                   Ice            #...         36%         1    ##.....
 Magic Dart               Conj           #...         36%         1    ##.....
 Summon Butterflies       Summ           #.......     36%         1    ##.....
 Ensorcelled Hibernation  Hex/Ice        #.....       50%         2    ###....
 Passwall                 Tmut/Erth      #.......     50%         2    ###....
 Poisonous Vapours        Pois/Air       #.....       50%         2    ###....
 Searing Ray              Conj           #.....       50%         2    ###....
 Song of Slaying          Chrm           #.......     50%         2    ###....
 Sublimation of Blood     Necr           #.........   50%         2    ###....
 Swiftness                Chrm/Air       #.......     50%         2    ###....
 Throw Frost              Conj/Ice       #.....       50%         2    ###....
 Call Canine Familiar     Summ           #.......     73%         3    ####...
 Confuse                  Hex            #.......     73%         3    ####...
 Dazzling Spray           Conj/Hex       #.....       73%         3    ####...
 Gell's Gravitas          Tloc           #.........   73%         3    ####...
 Ignite Poison            Fire/Tmut/Pois #.......     73%         3    ####...
 Ozocubu's Armour         Chrm/Ice       #.......     73%         3    ####...
 Recall                   Summ/Tloc      N/A          73%         3    ####...
 Regeneration             Chrm/Necr      #.........   73%         3    ####...
 Spider Form              Tmut/Pois      #.........   73%         3    ####...
 Tukima's Dance           Hex            #.......     73%         3    ####...
 Force Lance              Conj/Tloc      #.......     98%         4    #####..
 Fulminant Prism          Conj/Hex       #.........   98%         4    #####..
 Iskenderun's Mystic Bla  Conj           #.......     98%         4    #####..
 Leda's Liquefaction      Hex/Erth       #.........   98%         4    #####..
 Passage of Golubria      Tloc           N/A          98%         4    #####..
 Petrify                  Tmut/Erth      #.......     98%         4    #####..
 Summon Ice Beast         Ice/Summ       #.......     98%         4    #####..
 Throw Icicle             Conj/Ice       #.......     98%         4    #####..
 Alistair's Intoxication  Tmut/Pois      #.......     100%        5    ######.
 Aura of Abjuration       Summ           #.........   100%        5    ######.
 Bolt of Magma            Conj/Fire/Erth #.........   100%        5    ######.
 Irradiate                Conj/Tmut      #.........   100%        5    ######.
 Iskenderun's Battlesphe  Conj/Chrm      #.......     100%        5    ######.
 Lee's Rapid Deconstruct  Erth           #.........   100%        5    ######.
 Metabolic Englaciation   Hex/Ice        #.........   100%        5    ######.
 Summon Demon             Summ           #.........   100%        5    ######.
 Summon Forest            Summ/Tloc      #.........   100%        5    ######.
 Summon Mana Viper        Hex/Summ       #.......     100%        5    ######.
 Yara's Violent Unravell  Hex/Tmut       #.........   100%        5    ######.
 Darkness                 Hex            #.........   100%        6    #######
 Deflect Missiles         Chrm/Air       #.........   100%        6    #######
 Hydra Form               Tmut           #.........   100%        6    #######
 Invisibility             Hex            #.......     100%        6    #######
 Iron Shot                Conj/Erth      #.........   100%        6    #######
 Shadow Creatures         Summ           N/A          100%        6    #######
 Simulacrum               Ice/Necr       #.........   100%        6    #######
 Statue Form              Tmut/Erth      #........    100%        6    #######
 Dragon Form              Tmut           #.........   100%        7    #######
 Summon Hydra             Summ           #.........   100%        7    #######
 Shatter                  Erth           #.........   100%        9    #######
 Tornado                  Air            #.........   100%        9    #######


Dungeon Overview and Level Annotations

Branches:
Dungeon (15/15)            Temple (1/1) D:5            Lair (6/6) D:11
 Shoals (2/4) Lair:2       Spider (0/4) Lair:4        Slime (0/5) Lair:5
    Orc (2/2) D:10            Elf (0/3) Orc:2        Vaults (0/5) D:13
 Depths (0/5) D:15         Bailey (visited)         Gauntlet (visited)

Altars:
Ashenzari
Cheibriados
Dithmenos
Elyvilon
Fedhas
Hepliaklqana
Kikubaaqudgha
Makhleb
Okawaru
Ru
Sif Muna
Trog
Uskayaw
Vehumet
Xom

Shops:
D:8 }   D:11 (   D:13 %   Orc:2 *(=}

Annotations:
Shoals:2 Ilsuiw
Orc:1 1 runed translucent door, exclusion: 4 orange crystal statues


Innate Abilities, Weirdness & Mutations

You reflexively headbutt those who attack you in melee.
You have a pair of horns on your head.


Message History

The merfolk siren chants its luring song.
The merfolk impaler completely misses you.
You slash the water elemental!
You destroy the water elemental!
* * * LOW HITPOINT WARNING * * *
Your lungs strain for air!
Ilsuiw hits you but does no damage.
The merfolk siren chants a haunting song.
You resist with almost no effort.
The merfolk siren chants its luring song.
You block the merfolk impaler's attack.
The merfolk impaler hits you but does no damage.
You slip free of the water engulfing you.
You gasp with relief as air once again reaches your lungs.
The water elemental hits you.
The water elemental engulfs you in water!
The merfolk siren chants its luring song.
You block Ilsuiw's attack.
The merfolk siren hits you from afar with a +0 spear!
You die...

≈≈≈≈≈≈≈≈≈≈,,**,,,,,≈≈≈≈≈≈≈≈≈≈≈≈≈≈
,,,,>≈≈≈≈≈≈.***..≈≈≈≈≈≈≈≈≈≈≈≈≈≈≈≈
,***,,,,,≈≈≈.**...≈≈≈≈≈≈≈≈≈≈≈≈≈≈≈
,* ****,,≈≈≈.###.≈≈≈≈≈≈≈≈≈≈≈≈≈≈≈≈
,*******,≈≈≈$≈.≈≈≈≈≈≈≈≈≈≈≈≈≈≈≈≈≈≈
≈,*,,* *,...≈≈.≈m≈≈≈≈≈≈≈≈≈≈≈≈≈≈≈≈
≈≈,,,* ***#.≈≈.≈m≈≈≈≈≈≈≈≈≈≈≈≈≈≈≈≈
≈≈≈,,* ##...?mmH≈≈≈≈≈≈≈≈≈≈≈≈≈≈≈
≈≈,,,****#....m.@E≈≈≈≈≈≈≈≈≈≈≈≈≈≈≈
≈,,≈,,,,,....###m≈≈≈≈≈≈≈≈≈≈≈≈≈≈≈≈
,≈≈,,,,,,.,,** ###.≈≈≈≈≈≈≈≈≈≈≈≈≈≈
≈≈≈≈,,,,,,,,*** #.≈≈≈≈≈≈≈≈≈≈≈≈≈≈
≈≈≈,,,,,***,,,####.≈≈≈≈≈≈≈≈≈≈≈≈≈≈
,***,,*****,>##....≈≈≈≈≈≈≈≈≈≈≈≈≈≈
,* *******,,*#<...≈≈≈≈≈≈≈≈≈≈≈≈≈≈≈
,***,,,,#......≈≈≈≈≈≈≈≈≈≈≈≈≈≈≈≈≈≈
,**,,,,....≈≈.≈≈≈≈≈≈≈≈≈≈≈≈≈≈≈≈≈≈≈


You could see Ilsuiw (invisible), 2 merfolk impalers, a manticore, a water
elemental and 3 merfolk sirens.

Vanquished Creatures
  An Executioner (Abyss:1)
  A tentacled starspawn (D:14)
  2 dire elephants
  A minotaur (Gauntlet)
  A merfolk javelineer (Shoals:2)
  A great orb of eyes (D:15)
  2 merfolk impalers (Shoals:1)
  An ogre mage (D:15)
  9 hydras
  An ice dragon (Lair:6)
  A catoblepas (Lair:2)
  A rakshasa (D:15)
  An alligator snapping turtle (Shoals:1)
  A merfolk avatar (Shoals:1)
  14 two-headed ogres
  The ghost of Faedony the Insei, a journeyman OpTm of Cheibriados (D:10)
  2 death knights (D:14)
  5 centaur warriors
  4 death yaks (Lair:4)
  5 orc high priests
  A tengu warrior (D:14)
  2 wretched stars (Abyss:1)
  A glowing orange brain (Abyss:1)
  A sea snake (Shoals:1)
  2 lindwurms (Lair:6)
  A phantasmal warrior (D:14)
  A necromancer (D:13)
  6 orc knights
  8 harpies (Shoals:1)
  3 deep elf magi
  4 orc sorcerers
  3 cyclopes
  6 ugly things
  An oklob plant (Lair:4)
  A worldbinder (Abyss:1)
  4 manticores (Shoals:1)
  2 merfolk sirens
  A salamander (D:15)
  14 elephants
  3 black mambas
  An apocalypse crab (Abyss:1)
  A smoke demon (Abyss:1)
  The ghost of Scuka the Carver, a novice BaFi (D:5)
  23 spiny frogs
  The ghost of Nivan the Conjurer, a novice DrCj (D:5)
  5 torpor snails (Lair:6)
  A gargoyle (D:14)
  2 rime drakes
  A rime drake (shapeshifter) (D:13)
  3 kobold demonologists
  An efreet (D:15)
  10 komodo dragons
  3 freezing wraiths (D:14)
  5 merfolk (Shoals:1)
  3 tengu conjurers
  9 trolls
  A wind drake (Shoals:1)
  A queen bee (D:12)
  3 meliai (D:13)
  10 hornets
  Grinder (D:4)
  3 tyrant leeches (Lair:6)
  5 large abominations (Abyss:1)
  3 slime creatures (D:15)
  A raiju (Abyss:1)
  13 blink frogs
  A frost giant simulacrum (Abyss:1)
  2 snapping turtles (Shoals:1)
  7 hippogriffs
  Prince Ribbit (D:5)
  A water elemental (Shoals:1)
  2 redbacks (Lair:4)
  An air elemental (Abyss:1)
  A wyvern (Lair:3)
  A shadow (D:11)
  2 vampires
  A ynoxinul (Abyss:1)
  A flying skull (Abyss:1)
  2 small abominations (Abyss:1)
  2 wraiths
  15 yaks
  5 fire bats
  4 basilisks
  A neqoxec (Abyss:1)
  5 hungry ghosts
  Grum (D:6)
  10 vampire mosquitoes
  A warg (Orc:2)
  An acid dragon (D:15)
  7 hell hounds
  6 water moccasins
  6 porcupines
  A hydra simulacrum (Lair:5)
  6 ice beasts
  4 sky beasts
  3 phantoms
  A black bear (D:13)
  14 ogres
  2 necrophages
  34 orc warriors
  10 starcursed masses (Abyss:1)
  7 wolves
  An eye of draining (D:14)
  13 centaurs
  8 crocodiles
  4 big kobolds (D:13)
  18 bullfrogs
  2 gnoll sergeants (D:6)
  A spiny frog simulacrum (Lair:5)
  4 wyvern skeletons
  2 scorpions
  A water moccasin skeleton (D:5)
  13 killer bees (D:12)
  6 wights (D:13)
  5 electric eels (Bailey)
  17 crimson imps
  A hippogriff simulacrum (Lair:5)
  6 centaur zombies
  A bullfrog zombie (D:12)
  13 hounds
  27 orc wizards
  2 bullfrog skeletons
  20 orc priests
  Crazy Yiuf (D:4)
  3 gnoll shamans
  17 jellies
  8 centaur skeletons
  Jessica (D:3)
  8 iguanas
  Terence (D:3)
  7 worker ants
  A bullfrog simulacrum (Lair:5)
  A hound skeleton (D:3)
  Robin (D:4)
  29 gnolls
  15 adders
  6 shadow imps
  4 oozes
  3 adder zombies
  An adder skeleton (D:4)
  3 worms
  A dart slug (D:2)
  4 leopard geckos
  90 orcs
  3 ball pythons
  2 bat skeletons (D:2)
  6 giant cockroaches
  24 goblins
  25 hobgoblins
  13 jackals
  12 kobolds
  2 quokkas
  A ball python zombie (D:2)
  8 bats
  5 frilled lizards
  3 giant cockroach zombies (D:2)
  2 leopard gecko skeletons
  3 quokka skeletons
  A quokka zombie (D:2)
  7 rats
  A bush (Lair:4)
  A fungus (Lair:1)
  4 plants
893 creatures vanquished.

Vanquished Creatures (others)
  A hell hog (Gauntlet)
  A centaur (D:7)
  A quokka (D:15)
  11 demonic plants (Gauntlet)
  12 fungi
  4 plants
  3 starspawn tentacles (D:14)
  2 withered plants (D:5)
35 creatures vanquished.

Grand Total: 928 creatures vanquished

Notes
Turn   | Place    | Note
-------+----------+-------------------------------------------
     0 | D:1      | Peloso the Minotaur Fighter began the quest for the Orb.
     0 | D:1      | Reached XP level 1. HP: 19/19 MP: 0/0
   216 | D:1      | Reached XP level 2. HP: 27/27 MP: 1/1
   318 | D:1      | You fall into a shaft and drop 1 floor!
   525 | D:1      | Reached skill level 4 in Shields
   646 | D:1      | Reached XP level 3. HP: 33/33 MP: 2/2
   970 | D:2      | Found a snail-covered altar of Cheibriados.
  1095 | D:2      | Reached XP level 4. HP: 37/41 MP: 3/3
  1208 | D:2      | Found a hazy altar of Hepliaklqana.
  1286 | D:2      | Reached skill level 1 in Dodging
  1445 | D:2      | Found a shimmering blue altar of Sif Muna.
  1697 | D:3      | Noticed Jessica
  1699 | D:3      | Noticed Terence
  1700 | D:3      | Killed Jessica
  1700 | D:3      | Reached XP level 5. HP: 35/47 MP: 4/4
  1714 | D:3      | Killed Terence
  1890 | D:3      | Reached skill level 1 in Stealth
  1898 | D:3      | Reached XP level 6. HP: 42/53 MP: 5/5
  2053 | D:3      | Reached skill level 5 in Shields
  2057 | D:3      | Reached skill level 5 in Long Blades
  2590 | D:4      | Noticed Grinder
  2591 | D:4      | Paralysed by Grinder for 6 turns
  2602 | D:4      | Killed Grinder
  2602 | D:4      | Reached skill level 5 in Fighting
  2602 | D:4      | Reached skill level 5 in Armour
  2602 | D:4      | Reached XP level 7. HP: 30/61 MP: 6/6
  2649 | D:4      | Found a burning altar of Makhleb.
  2705 | D:4      | Noticed Robin
  2724 | D:4      | Killed Robin
  3108 | D:4      | Found a runed translucent door.
  3109 | D:4      | Noticed Crazy Yiuf
  3120 | D:4      | Killed Crazy Yiuf
  3206 | D:5      | Entered Level 5 of the Dungeon
  3314 | D:4      | Reached skill level 6 in Shields
  3471 | D:5      | Reached XP level 8. HP: 66/69 MP: 7/7
  3888 | D:5      | You fall into a shaft and drop 3 floors!
  3966 | D:8      | Noticed a hippogriff
  3982 | D:8      | Killed a hippogriff
  3982 | D:8      | Reached skill level 7 in Shields
  4086 | D:8      | Found a hazy altar of Hepliaklqana.
  4583 | D:8      | Found Gafuh's Gadget Shop.
  4695 | D:8      | Reached XP level 9. HP: 72/75 MP: 8/8
  4855 | D:7      | Noticed a deep elf mage
  4865 | D:7      | Noticed an ice devil
  4869 | D:7      | Noticed a sixfirhy
  4872 | D:7      | Killed a deep elf mage
  4872 | D:7      | Reached skill level 8 in Shields
  5102 | D:7      | Reached skill level 10 in Long Blades
  5420 | D:7      | Found a sacrificial altar of Ru.
  5980 | D:7      | Reached skill level 9 in Shields
  6132 | D:7      | Reached XP level 10. HP: 72/86 MP: 9/9
  6983 | D:6      | Found a shadowy altar of Dithmenos.
  7136 | D:6      | Noticed Grum
  7142 | D:6      | Killed Grum
  7396 | D:5      | Got a bronze leather armour
  7407 | D:5      | Identified the +1 leather armour of Inviolability {rPois}
                  | (You found it on level 5 of the Dungeon)
  7427 | D:5      | Found a runed translucent gate.
  7427 | D:5      | Found a runed translucent gate.
  7427 | D:5      | Found a runed translucent gate.
  7430 | D:5      | Noticed Scuka's ghost (novice BaFi)
  7430 | D:5      | Noticed Nivan's ghost (novice DrCj)
  7471 | D:5      | Noticed Prince Ribbit
  7481 | D:5      | Killed Prince Ribbit
  7512 | D:5      | Found a staircase to the Ecumenical Temple.
  7547 | D:5      | Found a bloodstained altar of Trog.
  7584 | Temple   | Entered the Ecumenical Temple
  7590 | Temple   | Became a worshipper of Warmaster Okawaru
  7927 | D:5      | Found a bloodstained altar of Trog.
  7927 | D:5      | Found a shattered altar of Ashenzari.
  7927 | D:5      | Found a hide-covered altar of Uskayaw.
  7939 | D:5      | Found a blossoming altar of Fedhas.
  7943 | D:5      | Found a white marble altar of Elyvilon.
  8623 | D:10     | Entered Level 10 of the Dungeon
  8626 | D:10     | Found a flagged portal.
  8671 | Bailey   | Entered a bailey
  8710 | Bailey   | Noticed an orc knight
  8745 | Bailey   | Killed an orc knight
  8745 | Bailey   | Reached * piety under Okawaru
  8745 | Bailey   | Reached skill level 10 in Shields
  8994 | Bailey   | Found an iron altar of Okawaru.
  8994 | Bailey   | Noticed an orc high priest
  9008 | Bailey   | Noticed an orange demon
  9016 | Bailey   | Noticed a soul eater
  9040 | Bailey   | Killed an orc high priest
  9040 | Bailey   | Reached ** piety under Okawaru
  9469 | Bailey   | Reached XP level 11. HP: 71/94 MP: 10/10
  9692 | Bailey   | Got a shimmering shortbow
  9726 | Bailey   | Got a distressingly furry scale mail
  9737 | Bailey   | Identified the +0 scale mail "Xutwin" {rElec} (You found it
                  | in a bailey)
 10594 | D:10     | Noticed a two-headed ogre
 10612 | D:10     | Killed a two-headed ogre
 10612 | D:10     | Reached *** piety under Okawaru
 10625 | D:10     | Reached skill level 11 in Shields
 10635 | D:10     | Noticed a two-headed ogre
 10652 | D:10     | Killed a two-headed ogre
 10668 | D:10     | Reached skill level 1 in Evocations
 10887 | D:10     | Found a staircase to the Orcish Mines.
 10926 | D:10     | Reached **** piety under Okawaru
 11002 | D:10     | Identified the Compendium of Destiny
 11048 | D:10     | Found a transporter.
 11048 | D:10     | Identified the +0 dire flail of the Tooth {vamp, rF++ MR+}
 11048 | D:10     | Noticed a two-headed ogre
 11053 | D:10     | Noticed Faedony's ghost (journeyman OpTm)
 11058 | D:10     | Found a transporter.
 11058 | D:10     | Noticed a two-headed ogre
 11580 | D:5      | Killed Scuka's ghost
 11593 | D:5      | Killed Nivan's ghost
 11749 | D:11     | Noticed a two-headed ogre
 11768 | D:11     | Killed a two-headed ogre
 11768 | D:11     | Reached ***** piety under Okawaru
 11778 | D:11     | Got a scorched scale mail
 11789 | D:11     | Identified the +5 scale mail of Satisfaction {Regen+} (You
                  | found it on level 11 of the Dungeon)
 11984 | D:11     | Received a gift from Okawaru
 12032 | D:11     | Reached skill level 12 in Shields
 12108 | D:11     | Found a staircase to the Lair.
 12128 | D:11     | Found Coxaad's Weapon Shoppe.
 12145 | D:11     | Noticed a white ugly thing
 12157 | D:11     | Killed a white ugly thing
 12199 | D:11     | Reached XP level 12. HP: 106/106 MP: 11/11
 12540 | D:12     | Received a gift from Okawaru
 12595 | D:12     | Reached skill level 10 in Armour
 12619 | D:12     | Found a gate leading to a gauntlet.
 12627 | Gauntlet | Entered a Gauntlet
 12627 | Gauntlet | Found a transporter.
 12636 | Gauntlet | Found a transporter.
 12650 | Gauntlet | Found a transporter.
 12654 | Gauntlet | Found a transporter.
 12664 | Gauntlet | Found a transporter.
 12664 | Gauntlet | Noticed a great orb of eyes
 12685 | Gauntlet | Found a transporter.
 12689 | Gauntlet | Found a transporter.
 12690 | Gauntlet | Noticed a dire elephant
 12693 | Gauntlet | Found a transporter.
 12693 | Gauntlet | Noticed a hell hog
 12745 | Gauntlet | Noticed a great orb of eyes
 12759 | Gauntlet | Found a transporter.
 12759 | Gauntlet | Found a transporter.
 12762 | Gauntlet | Found a transporter.
 12795 | Gauntlet | Found a transporter.
 12897 | Gauntlet | Reached skill level 10 in Fighting
 12898 | Gauntlet | Killed a hell hog
 12898 | Gauntlet | Reached skill level 1 in Invocations
 13118 | Gauntlet | HP: 3/159 [dire elephant (24)]
 13121 | Gauntlet | Killed a dire elephant
 13121 | Gauntlet | Reached skill level 5 in Dodging
 13378 | Gauntlet | Got a pair of twisted gloves
 13389 | Gauntlet | Identified the cursed +0 pair of gloves "Nuesch" {*Contam
                  | rPois Str+2 Int+6} (You found it in a Gauntlet)
 13406 | Gauntlet | Noticed a minotaur
 13437 | Gauntlet | Killed a minotaur
 13444 | Gauntlet | Identified Runamaig's Volume of Aid
 13774 | D:12     | Found the +2 ratskin cloak {+Rats rPois rN+ Str-1 Int-1
                  | Dex+1}
 13838 | D:12     | Reached skill level 13 in Shields
 14019 | D:12     | Received a gift from Okawaru
 14024 | D:12     | Got a pitted hat {god gift}
 14030 | D:12     | Identified the +3 hat of Inference {rElec Int+6} (Okawaru
                  | gifted it to you on level 12 of the Dungeon)
 14165 | Lair:1   | Entered Level 1 of the Lair of Beasts
 14680 | Lair:1   | HP: 5/110 [spiny frog (13)]
 14685 | Lair:1   | Reached XP level 13. HP: 45/116 MP: 10/13
 14690 | Lair:1   | Reached skill level 15 in Long Blades
 14922 | Lair:1   | Reached skill level 14 in Shields
 15674 | D:13     | Found Muje's Food Shop.
 15758 | D:13     | Received a gift from Okawaru
 15782 | D:13     | Found a gate to the Vaults.
 15963 | D:13     | Received a gift from Okawaru
 16217 | D:13     | Reached skill level 15 in Shields
 17636 | Orc:1    | Entered Level 1 of the Orcish Mines
 17836 | Orc:1    | Reached ****** piety under Okawaru
 17966 | Orc:1    | Found a runed translucent door.
 18056 | Orc:1    | Found a runed translucent door.
 18061 | Orc:1    | Found the +10 large shield of Ignorance {rN+ Int-4}
 18234 | Orc:2    | Entered Level 2 of the Orcish Mines
 18288 | Orc:2    | Found a staircase to the Elven Halls.
 18343 | Orc:2    | Received a gift from Okawaru
 18422 | Orc:1    | Reached XP level 14. HP: 126/126 MP: 15/15
 18990 | Orc:2    | Reached skill level 16 in Shields
 19391 | Orc:2    | Received a gift from Okawaru
 19569 | Orc:2    | Found Plog's Jewellery Boutique.
 19569 | Orc:2    | Found Keskoe's Gadget Emporium.
 19578 | Orc:2    | Found Plog's Assorted Antiques.
 19578 | Orc:2    | Found Peco's Antique Weapon Emporium.
 19584 | Orc:2    | Bought a cursed ring of attention for 58 gold pieces
 19586 | Orc:2    | Bought a scroll labeled SASHYU DUYWISCH for 22 gold pieces
 19586 | Orc:2    | Bought a scroll labeled SAEGGA LICHOGISAO for 22 gold
                  | pieces
 19589 | Orc:2    | Bought a wand of digging (5) for 234 gold pieces
 20371 | D:10     | Received a gift from Okawaru
 20376 | D:10     | Killed Faedony's ghost
 20539 | D:14     | Cast into level 1 of the Abyss (orc warrior)
 20598 | Abyss:1  | Noticed a hellephant
 20610 | Abyss:1  | Paralysed by an apocalypse crab for 3 turns
 20617 | Abyss:1  | HP: 5/127 [hellephant (7)]
 20634 | Abyss:1  | Found a corrupted altar of Lugonu.
 20981 | Abyss:1  | Noticed a starcursed mass
 20993 | Abyss:1  | Paralysed by accursed screaming for 1 turns
 21130 | Abyss:1  | Noticed a starcursed mass
 21208 | Abyss:1  | Noticed an Executioner
 21220 | Abyss:1  | Killed an Executioner
 21220 | Abyss:1  | Received a gift from Okawaru
 21220 | Abyss:1  | Reached skill level 17 in Shields
 21230 | Abyss:1  | Noticed a tentacled starspawn
 21248 | D:14     | Escaped the Abyss
 21255 | D:14     | Killed a tentacled starspawn
 22308 | D:14     | Reached XP level 15. HP: 135/135 MP: 16/16
 22310 | D:14     | Found a blossoming altar of Fedhas.
 22373 | D:15     | Entered Level 15 of the Dungeon
 22398 | D:15     | Found a white marble altar of Elyvilon.
 22472 | D:15     | Received a gift from Okawaru
 22922 | D:15     | Found a staircase to the Depths.
 23161 | Lair:2   | Received a gift from Okawaru
 23366 | Lair:2   | Found a staircase to the Shoals.
 23738 | Lair:4   | Reached skill level 18 in Shields
 23973 | Lair:4   | Found a hole to the Spider Nest.
 24397 | Lair:4   | Received a gift from Okawaru
 24813 | Lair:5   | Found a transporter.
 24960 | Lair:5   | Found a staircase to the Slime Pits.
 25160 | Lair:5   | Received a gift from Okawaru
 25660 | Lair:5   | Found a transporter.
 26130 | Lair:6   | Entered Level 6 of the Lair of Beasts
 26436 | Lair:6   | Found a runed translucent door.
 26717 | Lair:6   | Reached XP level 16. HP: 98/147 MP: 18/18
 26999 | Lair:6   | Received a gift from Okawaru
 27525 | Lair:5   | Got a pair of dazzling boots
 27549 | Lair:5   | Identified the +2 pair of boots of Day {rC+} (You found it
                  | on level 5 of the Lair of Beasts)
 27632 | Shoals:1 | Entered Level 1 of the Shoals
 27633 | Shoals:1 | Identified the Disquisition on Shifting Ice
 28037 | Shoals:1 | Reached skill level 19 in Shields
 28471 | Shoals:2 | Noticed Ilsuiw
 28489 | Shoals:2 | Slain by a merfolk siren

Levels and vault maps discovered:
D:1:      mushboom_english_gardens, layout_loops_corners, nrook_campfire,
          chequers_serial_rivers_micro_c
D:2:      layout_rooms, marbit_many_paths, kennysheep_slug_shrine,
          lemuel_blue_sif_altar, serial_undead, serial_undead_d,
          serial_undead_c, serial_undead_d, serial_undead_c, serial_undead_a,
          serial_undead_f
D:3:      layout_basic, first_ration, minmay_misc_feat_secret_circle,
          uniq_jessica, uniq_terence
D:4:      layout_loops_ring, nicolae_overflow_crystal_walls, uniq_grinder,
          uniq_crazy_yiuf_cottage, uniq_robin
D:5:      cheibrodos_fzero, layout_basic, minmay_overflow_temple_star_hex,
          temple_doors_e, gammafunk_ghost_cemetery, trog_three_pillars_becter,
          uniq_prince_ribbit1
D:6:      layout_cave_pools, kennysheep_mini_moat, serial_gnoll_camp,
          gnoll_camp_medium_01, gnoll_camp_mini_doghouse, gnoll_camp_mini_hut,
          grums_kennel, gnoll_camp_mini_hut
D:7:      layout_cave_pods, lemuel_centaur_altar
D:8:      layout_basic, serial_shops, shop, basic_altar
D:9:      layout_basic
D:10:     layout_roguey, david_orc_3, enter_bailey_3, gammafunk_ghost_smash
D:11:     layout_rooms, lair_entry_dummy, serial_shops, shop
D:12:     layout_basic, gauntlet_entry_generic, david_nohive_1
D:13:     layout_basic, david_vaults_1, serial_shops, shop
D:14:     layout_loops_ring, fedhas_altar_fruit_tree
D:15:     hangedman_depths_entry_try_elsewhere_first, layout_basic,
          minmay_misc_feat_rows, elyvilon_altar_4
Temple:   chequers_temple_sunken
Lair:1:   layout_small_grid, minivault_23, beast_lair_carwin_10
Lair:2:   layout_chaotic_city, minmay_shoals_entry_lonely_mermaid,
          lemuel_fruit_tree
Lair:3:   layout_big_grid
Lair:4:   layout_cave_pods, spider_nest_entry_a, minmay_lair_oklob_bushes,
          nicolae_quartered_pool_medium, st_stairs_8
Lair:5:   gammafunk_cloud_chamber, layout_loops_ring,
          minmay_slime_entry_jelly_boxes, serial_rivers,
          chequers_serial_rivers_marsh, chequers_serial_rivers_micro_a,
          chequers_serial_rivers_micro_b, chequers_serial_rivers_marsh,
          chequers_serial_rivers_room_a, st_stairs_7, lookout_lair_type
Lair:6:   wormcave, layout_cave_pods, grunt_megastairs_5,
          infiniplex_staircase_pool_2
Shoals:1: layout_shoals
Shoals:2: layout_shoals, serial_shops, bzr_entry_road, uniq_ilsuiw
Orc:1:    layout_diamond_mine, chequers_guarded_unrand_ignorance
Orc:2:    grunt_orc_tribal_feast, layout_diamond_mine

Skill      XL: |  1  2  3  4  5  6  7  8  9 10 11 12 13 14 15 16 |
---------------+-------------------------------------------------+-----
Long Blades    | 3 4 6 7 9 11 12 13 14 15 16 17 | 17.6
Fighting       | 4 5 6 7 8 9 11 12 13 14 | 14.6
Shields        | 4 5 6 7 9 10 12 13 15 17 18 19 | 19.1
Armour         | 4 5 6 7 8 9 10 11 12 | 12.6
Dodging        | 1 2 4 5 6 7 8 9 |  9.3
Stealth        | 1 2 3 |  3.9
Evocations     | 1 |  1.8
Invocations    | 2 3 4 |  4.4

Action                   |  1- 3 |  4- 6 |  7- 9 | 10-12 | 13-15 | 16-18 || total
-------------------------+-------+-------+-------+-------+-------+-------++-------
Melee: Long sword        |    88 |   184 |   331 |   873 |     9 |       ||  1485
       Headbutt          |    11 |    42 |    65 |   277 |   372 |    85 ||   852
       Double sword      |       |       |       |   169 |    95 |       ||   264
       Scimitar          |       |       |       |       |   954 |     7 ||   961
       Demon blade       |       |       |       |       |   333 |   255 ||   588
Invok: Heroism           |       |       |       |    13 |     7 |     1 ||    21
       Finesse           |       |       |       |     3 |     3 |       ||     6
 Abil: Evoke Flight      |       |       |       |     3 |       |       ||     3
Evoke: Wand              |       |       |       |    14 |    10 |       ||    24
  Use: Potion            |     1 |     6 |     1 |     9 |     1 |     1 ||    19
       Scroll            |       |     1 |     8 |    12 |    14 |     1 ||    36
 Stab: Sleeping          |       |       |       |       |     3 |       ||     3
       Distracted        |       |       |       |       |     1 |       ||     1
  Eat: Chunk             |     1 |     5 |    14 |    27 |    35 |     3 ||    85
       Ration            |       |       |       |     1 |     1 |     1 ||     3
Armor: Scale mail        |    45 |    24 |       |   151 |   370 |    84 ||   674
       Chain mail        |       |    51 |   166 |   188 |       |       ||   405
Dodge: Dodged            |    30 |    52 |    96 |   370 |   485 |   120 ||  1153
Block: Shield            |    62 |   100 |   226 |   685 |   972 |   205 ||  2250
       Rpst.: Long sword |     5 |     9 |    22 |    71 |     1 |       ||   108
       Double sword      |       |       |       |    25 |    10 |       ||    35
       Scimitar          |       |       |       |       |    60 |       ||    60
       Demon blade       |       |       |       |       |    18 |    17 ||    35
